| TOP OF THE 1ST |
|
Reading Fightin Phils batting - Pitching for Pensacola Blue Wahoos : RHP Kevin Nabity
|
|
Pitching: RHP Kevin Nabity
|
|
|
Batting: RHB Matt Strong
|
0-0: Ball 1-0: Ball 2-0: Swinging Strike 2-1: Swinging Strike 2-2: Strikes out swinging
|
|
Batting: RHB Hector Nunez
|
0-0: Foul Ball, location: 2F 0-1: Ball 1-1: Foul Ball, location: 2F 1-2: Foul Ball, location: 2F 1-2: Foul Ball, location: 2F 1-2: Ground out 1-3 (Groundball, 23, EV 65.6 MPH)
|
|
Batting: RHB Austin Wiebe
|
0-0: Called Strike 0-1: Swinging Strike 0-2: Fly out, F8 (Line Drive, 8LM, EV 90.0 MPH)
|
| Top of the 1st over - 0 runs, 0 hits, 0 errors, 0 left on base; Reading 0 - Pensacola 0 |
| BOTTOM OF THE 1ST |
|
Pensacola Blue Wahoos batting - Pitching for Reading Fightin Phils : RHP Rome Corona
|
|
Pitching: RHP Rome Corona
|
|
|
Batting: RHB Jon Marquez
|
0-0: Called Strike 0-1: Ball 1-1: Ball 2-1: Called Strike 2-2: Reached on error, E6 (Groundball, 6M, EV 80.6 MPH)
|
|
Batting: RHB Pedro Pinero
|
0-0: Foul Ball, location: 2F 0-1: Ball 1-1: Ball 2-1: Ball 3-1: Base on Balls Jon Marquez to second
|
|
Batting: LHB Steven Wamble
|
0-0: Ball 1-0: Called Strike Jon Marquez steals 3rd base (no throw) Pedro Pinero to second 1-1: Ball 2-1: Ball 3-1: Base on Balls
|
|
Batting: LHB Manny Ruvalcaba
|
0-0: DOUBLE (Line Drive, 7LD, EV 114.4 MPH) Jon Marquez scores Pedro Pinero scores Steven Wamble to third
|
|
Batting: SHB Jared Thomas
|
0-0: Ball 1-0: SINGLE (Groundball, 6S, EV 70.6 MPH) (infield hit) Steven Wamble scores Manny Ruvalcaba to third
|
|
Batting: RHB Chris Holland
|
0-0: Called Strike 0-1: Ball 1-1: Ball 2-1: Ball 3-1: Called Strike 3-2: Fly out, F4 (Flyball, 34D, EV 85.6 MPH)
|
|
Batting: RHB Jose Caraballo
|
0-0: Ball 1-0: Called Strike 1-1: Ball 2-1: Foul Ball, location: 2F 2-2: Strikes out swinging
|
|
Batting: LHB Jason Pirkle
|
Pickoff Throw to First - Error! E1 Manny Ruvalcaba scores Jared Thomas to second 0-0: Ball 1-0: Fly out, F8 (Flyball, 8LD, EV 89.4 MPH)
|
| Bottom of the 1st over - 4 runs, 2 hits, 2 errors, 1 left on base; Reading 0 - Pensacola 4 |
| TOP OF THE 2ND |
|
Reading Fightin Phils batting - Pitching for Pensacola Blue Wahoos : RHP Kevin Nabity
|
|
Batting: LHB Chris Fandino
|
0-0: Called Strike 0-1: Swinging Strike 0-2: Ball 1-2: Ball 2-2: Foul Ball, location: 2F 2-2: SINGLE (Groundball, 4M, EV 106.3 MPH)
|
|
Batting: RHB Mike Narciso
|
0-0: Ball 1-0: Swinging Strike 1-1: Fly out, F5 (Popup, 5F, EV 56.9 MPH)
|
|
Batting: LHB Darrell Ortega
|
0-0: Foul Ball, location: 2F 0-1: 2-RUN HOME RUN (Flyball, 7D, EV 96.9 MPH), Distance : 380 ft
|
|
Batting: LHB Michael Tuttle
|
0-0: SINGLE (Groundball, 3D, EV 95.6 MPH)
|
|
Batting: RHB Zach Downs
|
0-0: Ball 1-0: Grounds into double play, 5-4-3 (Groundball, 56, EV 104.4 MPH)
|
| Top of the 2nd over - 2 runs, 3 hits, 0 errors, 0 left on base; Reading 2 - Pensacola 4 |
| BOTTOM OF THE 2ND |
|
Pensacola Blue Wahoos batting - Pitching for Reading Fightin Phils : RHP Rome Corona
|
|
Batting: LHB James Himes
|
0-0: Called Strike 0-1: SINGLE (Groundball, 56S, EV 70.6 MPH) (infield hit)
|
|
Batting: RHB Jon Marquez
|
0-0: Ball 1-0: Grounds into double play, 5-4-3 (Groundball, 56S, EV 88.1 MPH)
|
|
Batting: RHB Pedro Pinero
|
0-0: Ball 1-0: Ground out 6-3 (Groundball, 6M, EV 83.1 MPH)
|
| Bottom of the 2nd over - 0 runs, 1 hit, 0 errors, 0 left on base; Reading 2 - Pensacola 4 |
| TOP OF THE 3RD |
|
Reading Fightin Phils batting - Pitching for Pensacola Blue Wahoos : RHP Kevin Nabity
|
|
Batting: LHB Jose Fierro
|
0-0: Called Strike 0-1: DOUBLE (Line Drive, 8LD, EV 94.4 MPH)
|
|
Batting: RHB Matt Strong
|
0-0: Ball 1-0: DOUBLE (Line Drive, 7LS, EV 92.5 MPH) Jose Fierro scores
|
|
Batting: RHB Hector Nunez
|
0-0: Foul Ball, location: 2F 0-1: Ball 1-1: Foul Ball, location: 2F 1-2: Ball 2-2: Foul Ball, location: 2F 2-2: Ball 3-2: Foul Ball, location: 2F 3-2: Fly out, F4 (Popup, 4, EV 51.3 MPH)
|
|
Batting: RHB Austin Wiebe
|
0-0: Ball 1-0: 2-RUN HOME RUN (Flyball, 9D, EV 96.9 MPH), Distance : 375 ft
|
|
Batting: LHB Chris Fandino
|
0-0: Called Strike 0-1: Ball 1-1: Foul Ball, location: 2F 1-2: Ball 2-2: Ground out 5-3 (Groundball, 5, EV 106.3 MPH)
|
|
Batting: RHB Mike Narciso
|
0-0: Ball 1-0: Ball 2-0: Fly out, F2 (Popup, 23F, EV 81.3 MPH)
|
| Top of the 3rd over - 3 runs, 3 hits, 0 errors, 0 left on base; Reading 5 - Pensacola 4 |
| BOTTOM OF THE 3RD |
|
Pensacola Blue Wahoos batting - Pitching for Reading Fightin Phils : RHP Rome Corona
|
|
Batting: LHB Steven Wamble
|
0-0: Called Strike 0-1: Ground out U3 (Groundball, 34, EV 95.6 MPH)
|
|
Batting: LHB Manny Ruvalcaba
|
0-0: Called Strike 0-1: Called Strike 0-2: Strikes out looking
|
|
Batting: SHB Jared Thomas
|
0-0: Ball 1-0: Called Strike 1-1: Ball 2-1: Ball 3-1: Base on Balls
|
|
Batting: RHB Chris Holland
|
0-0: Swinging Strike 0-1: Ball 1-1: Foul Ball, location: 2F 1-2: Foul Ball, location: 2F 1-2: Ball 2-2: Strikes out looking
|
| Bottom of the 3rd over - 0 runs, 0 hits, 0 errors, 1 left on base; Reading 5 - Pensacola 4 |
| TOP OF THE 4TH |
|
Reading Fightin Phils batting - Pitching for Pensacola Blue Wahoos : RHP Kevin Nabity
|
|
Batting: LHB Darrell Ortega
|
0-0: Ball 1-0: Ball 2-0: Ball 3-0: Called Strike 3-1: Foul Ball, location: 2F 3-2: Strikes out swinging
|
|
Batting: LHB Michael Tuttle
|
0-0: Ball 1-0: Ball 2-0: Called Strike 2-1: Swinging Strike 2-2: Foul Ball, location: 2F 2-2: Foul Ball, location: 2F 2-2: Foul Ball, location: 2F 2-2: Ball 3-2: Foul Ball, location: 2F 3-2: Strikes out swinging
|
|
Batting: RHB Zach Downs
|
0-0: Ball 1-0: Ball 2-0: Ball 3-0: Base on Balls
|
|
Pitching: RHP Marcus Jackson
|
|
|
Batting: LHB Jose Fierro
|
0-0: Ball 1-0: SINGLE (Groundball, 3D, EV 101.3 MPH) Zach Downs to second
|
|
Batting: RHB Matt Strong
|
0-0: Ball 1-0: Fly out, F8 (Flyball, 78M, EV 87.5 MPH)
|
| Top of the 4th over - 0 runs, 1 hit, 0 errors, 2 left on base; Reading 5 - Pensacola 4 |
| BOTTOM OF THE 4TH |
|
Pensacola Blue Wahoos batting - Pitching for Reading Fightin Phils : RHP Rome Corona
|
|
Batting: RHB Jose Caraballo
|
0-0: Foul Ball, location: 2F 0-1: Called Strike 0-2: Ball 1-2: Ball 2-2: Strikes out looking
|
|
Batting: LHB Jason Pirkle
|
0-0: Ground out 5-3 (Groundball, 56, EV 86.3 MPH)
|
|
Batting: LHB James Himes
|
0-0: Ball 1-0: Swinging Strike 1-1: Swinging Strike 1-2: Strikes out looking
|
| Bottom of the 4th over - 0 runs, 0 hits, 0 errors, 0 left on base; Reading 5 - Pensacola 4 |
| TOP OF THE 5TH |
|
Reading Fightin Phils batting - Pitching for Pensacola Blue Wahoos : RHP Marcus Jackson
|
|
Batting: RHB Hector Nunez
|
0-0: Swinging Strike 0-1: Swinging Strike 0-2: Ball 1-2: Ball 2-2: Ball 3-2: Strikes out swinging
|
|
Batting: RHB Austin Wiebe
|
0-0: Called Strike 0-1: Swinging Strike 0-2: Strikes out swinging
|
|
Batting: LHB Chris Fandino
|
0-0: Ball 1-0: Ball 2-0: Called Strike 2-1: Ball 3-1: Base on Balls
|
|
Batting: RHB Mike Narciso
|
0-0: Ball 1-0: Called Strike 1-1: Ball 2-1: Foul Ball, location: 2F 2-2: SINGLE (Groundball, 6MD, EV 101.9 MPH) Chris Fandino to second
|
|
Batting: LHB Darrell Ortega
|
0-0: Ball 1-0: Swinging Strike 1-1: Ball 2-1: Called Strike 2-2: Ball 3-2: Base on Balls Chris Fandino to third Mike Narciso to second
|
|
Batting: LHB Michael Tuttle
|
0-0: Ball 1-0: Ball 2-0: Ground out U3 (Groundball, 34S, EV 83.8 MPH)
|
| Top of the 5th over - 0 runs, 1 hit, 0 errors, 3 left on base; Reading 5 - Pensacola 4 |
| BOTTOM OF THE 5TH |
|
Pensacola Blue Wahoos batting - Pitching for Reading Fightin Phils : RHP Rome Corona
|
|
Batting: RHB Jon Marquez
|
0-0: Swinging Strike 0-1: Fly out, F9 (Flyball, 89M, EV 75.6 MPH)
|
|
Batting: RHB Pedro Pinero
|
0-0: Called Strike 0-1: Ball 1-1: Ball 2-1: Fly out, F8 (Flyball, 8RM, EV 86.3 MPH)
|
|
Batting: LHB Steven Wamble
|
0-0: Called Strike 0-1: Ball 1-1: Foul Ball, location: 2F 1-2: Ground out 4-3 (Groundball, 4, EV 83.1 MPH)
|
| Bottom of the 5th over - 0 runs, 0 hits, 0 errors, 0 left on base; Reading 5 - Pensacola 4 |
| TOP OF THE 6TH |
|
Reading Fightin Phils batting - Pitching for Pensacola Blue Wahoos : RHP Marcus Jackson
|
|
Batting: RHB Zach Downs
|
0-0: SINGLE (Groundball, 56D, EV 110.6 MPH)
|
|
Batting: LHB Jose Fierro
|
0-0: Ball 1-0: Ball 2-0: SINGLE (Groundball, 34D, EV 98.8 MPH) Zach Downs to second Runner from 2nd tries for 3rd, SAFE, throw by RF made to third
|
|
Batting: RHB Matt Strong
|
0-0: Ball 1-0: Called Strike 1-1: Swinging Strike 1-2: Ball 2-2: Fielders Choice at 2nd, 6-4 (Groundball, 6, EV 80.0 MPH) Zach Downs scores
|
|
Batting: RHB Hector Nunez
|
0-0: Fielders Choice at 2nd, 6-4 (Groundball, 6, EV 101.3 MPH)
|
|
Batting: RHB Austin Wiebe
|
0-0: Ball 1-0: Foul Ball, location: 2F 1-1: Ball 2-1: Ball 3-1: Fielders Choice at 2nd, 6-4 (Groundball, 6, EV 105.0 MPH)
|
| Top of the 6th over - 1 run, 2 hits, 0 errors, 1 left on base; Reading 6 - Pensacola 4 |
| BOTTOM OF THE 6TH |
|
Pensacola Blue Wahoos batting - Pitching for Reading Fightin Phils : RHP Rome Corona
|
|
Batting: LHB Manny Ruvalcaba
|
0-0: DOUBLE (Flyball, 8LXD, EV 91.3 MPH)
|
|
Batting: SHB Jared Thomas
|
0-0: Called Strike 0-1: Ball 1-1: Foul Ball, location: 2F 1-2: Ball 2-2: 2-RUN HOME RUN (Flyball, 9D, EV 98.1 MPH), Distance : 374 ft
|
|
Pitching: RHP Bobby Lonergan
|
|
|
Batting: RHB Chris Holland
|
0-0: Ball 1-0: Called Strike 1-1: Ball 2-1: Ball 3-1: Base on Balls
|
|
Batting: RHB Jose Caraballo
|
0-0: Ball 1-0: Called Strike 1-1: Foul Ball, location: 2F 1-2: Strikes out swinging
|
|
Batting: LHB Jason Pirkle
|
0-0: Foul Ball, location: 2F 0-1: Ball 1-1: Called Strike 1-2: Ball 2-2: Fly out, F5 (Popup, 5SF, EV 83.8 MPH)
|
|
Batting: LHB James Himes
|
0-0: DOUBLE (Flyball, 8LD, EV 98.1 MPH) Chris Holland to third Runner from 3rd tries for Home, SAFE, throw by CF to home
|
|
Batting: RHB Jon Marquez
|
0-0: Foul Ball, location: 2F 0-1: Called Strike 0-2: SINGLE (Groundball, 25, EV 69.4 MPH) (infield hit) James Himes to third
|
|
Batting: RHB Pedro Pinero
|
Pickoff Throw to First - Error! E1 James Himes scores Jon Marquez to second 0-0: Ball 1-0: Fly out, F8 (Line Drive, 8RD, EV 98.1 MPH)
|
| Bottom of the 6th over - 4 runs, 4 hits, 1 error, 1 left on base; Reading 6 - Pensacola 8 |
| TOP OF THE 7TH |
|
Reading Fightin Phils batting - Pitching for Pensacola Blue Wahoos : RHP Marcus Jackson
|
|
Pitching: RHP Chris Stewart
|
|
|
Batting: LHB Chris Fandino
|
0-0: Foul Ball, location: 2F 0-1: Ground out U3 (Groundball, 3S, EV 88.8 MPH)
|
|
Batting: RHB Mike Narciso
|
0-0: Called Strike 0-1: Foul Ball, location: 2F 0-2: Ground out 6-3 (Groundball, 6, EV 102.5 MPH)
|
|
Batting: LHB Darrell Ortega
|
0-0: Foul Ball, location: 2F 0-1: Foul Ball, location: 2F 0-2: Ball 1-2: Ground out 6-3 (Groundball, 6, EV 81.3 MPH)
|
| Top of the 7th over - 0 runs, 0 hits, 0 errors, 0 left on base; Reading 6 - Pensacola 8 |
| BOTTOM OF THE 7TH |
|
Pensacola Blue Wahoos batting - Pitching for Reading Fightin Phils : RHP Bobby Lonergan
|
|
Batting: LHB Steven Wamble
|
0-0: Called Strike 0-1: SINGLE (Groundball, 4S, EV 68.8 MPH) (infield hit)
|
|
Batting: LHB Manny Ruvalcaba
|
0-0: Ball 1-0: Ball 2-0: Foul Ball, location: 2F 2-1: Ball 3-1: Base on Balls Steven Wamble to second
|
|
Batting: SHB Jared Thomas
|
0-0: Ball 1-0: Fielders Choice at 2nd, 5-4 (Groundball, 5, EV 103.8 MPH) Steven Wamble to third
|
|
Batting: RHB Chris Holland
|
0-0: Ball 1-0: Ball Jared Thomas steals 2nd base 2-0: Ball 3-0: Base on Balls
|
|
Batting: RHB Jose Caraballo
|
0-0: Ball 1-0: Called Strike 1-1: Foul Ball, location: 2F 1-2: Strikes out swinging
|
|
Batting: LHB Jason Pirkle
|
0-0: Foul Ball, location: 2F 0-1: Fly out, F7 (Flyball, 7, EV 84.4 MPH)
|
| Bottom of the 7th over - 0 runs, 1 hit, 0 errors, 3 left on base; Reading 6 - Pensacola 8 |
| TOP OF THE 8TH |
|
Reading Fightin Phils batting - Pitching for Pensacola Blue Wahoos : RHP Chris Stewart
|
|
Batting: LHB Michael Tuttle
|
0-0: Ball 1-0: SINGLE (Groundball, 6S, EV 63.8 MPH) (infield hit)
|
|
Batting: RHB Zach Downs
|
0-0: Ball 1-0: Called Strike 1-1: SINGLE (Flyball, 6MD, EV 93.1 MPH) Michael Tuttle to second
|
|
Batting: LHB Jose Fierro
|
0-0: Bunt missed! 0-1: Ball 1-1: Bunt - Flyout to 2L! F2
|
|
Batting: RHB Matt Strong
|
0-0: Fly out, F4 (Popup, 34, EV 76.3 MPH)
|
|
Batting: RHB Hector Nunez
|
0-0: Swinging Strike 0-1: Foul Ball, location: 2F 0-2: Fly out, F8 (Flyball, 8RXD, EV 88.1 MPH)
|
| Top of the 8th over - 0 runs, 2 hits, 0 errors, 2 left on base; Reading 6 - Pensacola 8 |
| BOTTOM OF THE 8TH |
|
Pensacola Blue Wahoos batting - Pitching for Reading Fightin Phils : RHP Bobby Lonergan
|
|
Pitching: RHP John Gloe
|
|
|
Batting: LHB James Himes
|
0-0: Ground out 1-3 (Groundball, 13, EV 66.3 MPH)
|
|
Batting: RHB Jon Marquez
|
0-0: Ball 1-0: Called Strike 1-1: Swinging Strike 1-2: Foul Ball, location: 2F 1-2: Strikes out swinging
|
|
Batting: RHB Pedro Pinero
|
0-0: Fly out, F7 (Flyball, 78S, EV 91.3 MPH)
|
| Bottom of the 8th over - 0 runs, 0 hits, 0 errors, 0 left on base; Reading 6 - Pensacola 8 |
| TOP OF THE 9TH |
|
Reading Fightin Phils batting - Pitching for Pensacola Blue Wahoos : RHP Chris Stewart
|
|
Pitching: RHP Mario Quezada
|
|
|
Batting: RHB Austin Wiebe
|
0-0: Swinging Strike 0-1: Foul Ball, location: 2F 0-2: Strikes out swinging
|
|
Batting: LHB Chris Fandino
|
0-0: SINGLE (Groundball, 4D, EV 109.4 MPH)
|
|
Batting: RHB Mike Narciso
|
0-0: Ball 1-0: SINGLE (Line Drive, 56D, EV 98.1 MPH) Chris Fandino to second
|
|
Batting: LHB Darrell Ortega
|
0-0: Called Strike 0-1: SINGLE (Groundball, 34D, EV 98.1 MPH) Chris Fandino to third Mike Narciso to second
|
|
Batting: LHB Michael Tuttle
|
0-0: Ball 1-0: Grounds into double play, 4-6-3 (Groundball, 4, EV 97.5 MPH)
|
| Top of the 9th over - 0 runs, 3 hits, 0 errors, 2 left on base; Reading 6 - Pensacola 8 |
|